 Dungeon Crawl Stone Soup version 0.20.1-1-g8b1a95d (webtiles) character file.

3879 Mesmaeker13 the Charmwright (level 9, -3/67 HPs)
             Began as a Demigod Skald on Aug 12, 2017.
             Slain by a scorpion (8 damage)
             ... on level 8 of the Dungeon.
             The game lasted 00:24:42 (12400 turns).

Mesmaeker13 the Charmwright (Demigod Skald)        Turns: 12400, Time: 00:24:42

Health: -3/67      AC:  7    Str: 18    XL:     9   Next: 68%
Magic:  7/14       EV: 11    Int: 23    God:
Gold:   412        SH:  0    Dex: 15    Spells: 3/11 levels left

rFire    . . .     SeeInvis .   u - +0 flail (holy)
rCold    + . .     Gourm    .   (no shield)
rNeg     . . .     Faith    .   q - +0 scale mail
rPois    +         Spirit   .   (helmet restricted)
rElec    .         Reflect  .   (no cloak)
rCorr    .         Harm     .   (no gloves)
MR       .....                  (no boots)
Stlth    ..........             J - amulet of Oviafru {rC+ Regen+ Str-2 Int+4 Slay+6}
Regen    0.7/turn               o - ring of poison resistance
MPRegen  0.2/turn               b - +2 ring of intelligence

@: lethally poisoned (-3 -> -6), about to teleport, infused, drained
A: horns 1, high mp 1, mutation resistance 1
a: no special abilities


You were on level 8 of the Dungeon.
You were not hungry.

You visited 1 branch of the dungeon, and saw 8 of its levels.

You collected 412 gold pieces.

Inventory:

Hand Weapons
 a - a +1 mace
 n - a +4 war axe
 u - a +0 flail of holy wrath (weapon)
 C - a +0 blowgun
Missiles
 j - 7 tomahawks (quivered)
 D - 21 poisoned needles
Armour
 p - a +0 chain mail
 q - a +0 scale mail (worn)
Jewellery
 b - a +2 ring of intelligence (right hand)
 o - a ring of poison resistance (left hand)
 J - the amulet of Oviafru (around neck) {rC+ Regen+ Str-2 Int+4 Slay+6}
   (You found it on level 7 of the Dungeon)

   [amulet of regeneration]

   It affects your strength (-2).
   It affects your intelligence (+4).
   It affects your accuracy and damage with ranged weapons and melee attacks
   (+6).
   It protects you from cold.
   It increases your rate of regeneration.
Wands
 z - a wand of polymorph (18/24)
 I - a wand of scattershot (0/9)
Scrolls
 e - 3 scrolls of enchant weapon
 f - a scroll of teleportation
 l - a scroll of fear {unknown}
 s - 2 scrolls of magic mapping
 x - a scroll of enchant armour
 y - a scroll of remove curse
 A - 2 scrolls of amnesia
 F - 2 scrolls of immolation
 H - a scroll of recharging
Potions
 h - 3 potions of flight
 k - a potion of resistance
 m - a potion of lignification
 r - 2 potions of invisibility
Books
 c - a book of Battle

   Spells                             Type                      Level
   a - Infusion                       Charms                       1
   b - Shroud of Golubria             Charms/Translocation         2
   c - Song of Slaying                Charms                       2
   d - Spectral Weapon                Hexes/Charms                 3
   e - Regeneration                   Charms/Necromancy            3
 w - a book of Callings

   Spells                             Type                      Level
   a - Summon Small Mammal            Summoning                    1
   b - Call Imp                       Summoning                    2
   c - Call Canine Familiar           Summoning                    3
   d - Summon Guardian Golem          Hexes/Summoning              3
   e - Summon Lightning Spire         Summoning/Air                4
   f - Summon Ice Beast               Ice/Summoning                4
Comestibles
 d - 3 bread rations
 g - 2 royal jellies
 i - 3 meat rations


   Skills:
 - Level 1.7 Fighting
 + Level 7.1(7.0) Maces & Flails
 + Level 6.9(6.8) Armour
 - Level 2.2(2.1) Dodging
 - Level 1.7 Spellcasting
 + Level 1.5(1.4) Hexes
 + Level 7.2(7.1) Charms
 - Level 5.1 Translocations


You had 3 spell levels left.
You knew the following spells:

 Your Spells              Type           Power        Failure   Level  Hunger
a - Infusion              Chrm           ####         1%          1    #......
b - Song of Slaying       Chrm           ####....     3%          2    ###....
c - Shroud of Golubria    Chrm/Tloc      ####......   4%          2    ###....
d - Spectral Weapon       Hex/Chrm       ###.....     19%         3    ###....


Dungeon Overview and Level Annotations

Branches:
Dungeon (8/15)             Temple (0/1) D:4
   Lair: D:8-11

Shops:
D:7 =


Innate Abilities, Weirdness & Mutations

You have an increased reservoir of magic. (+10% MP)
You have a pair of small horns on your head.
You are somewhat resistant to further mutation.


Message History

The jackal misses you.
Things that are here:
a dagger; a falchion of flaming; a big kobold corpse You barely miss the jackal.
You feel sick. The jackal misses you.
You sock the jackal!!
You kill the jackal!
The scorpion stings you!
* * * LOW HITPOINT WARNING * * *
You are more poisoned.
The scorpion poisons you!
Unknown command.
Okay, then.
As you read the scroll of teleportation, it crumbles to dust.
You feel strangely unstable.
You feel sick. The scorpion stings you!
* * * LOW HITPOINT WARNING * * *
Unknown command.
It was a potion of mutation.
You feel extremely strange. A pair of horns grows on your head!
You feel genetically stable.
You feel sick. The scorpion stings you!
You die...

#P≈.....%#......#.
######PP≈.≈.≈.#........
#....#####.# #....#...
#..........# ###..#.†.
#..........#######.....
#..................#...
#......Y...............
######.#########.......
#@# ##...##...
#s#######.........
#.)#.....)....##...
#>#...........# ...
#.....####.##..# ..
..#.## #.# #... .....#
#.# .... ... .. #>#
..... #.#. #. #.# .....


You could see a dream sheep and a scorpion.

Vanquished Creatures
  A deep elf mage (D:6)
  A hippogriff (D:7)
  A hungry ghost (D:7)
  2 water moccasins (D:6)
  2 black bears
  3 phantoms
  A necrophage (D:7)
  6 centaurs
  2 big kobolds (D:8)
  2 bullfrogs
  A water moccasin skeleton (D:4)
  2 scorpions
  6 killer bees
  2 wights
  3 howler monkeys
  2 crimson imps
  A centaur zombie (D:8)
  2 bullfrog zombies
  A centaur skeleton (D:4)
  The ghost of ThereIsNoGod the Digger, a weakling SpEE of Sif Muna (D:5)
  A jelly (D:6)
  2 orc priests
  4 hounds
  A bullfrog skeleton (D:6)
  2 iguanas
  5 orc wizards
  5 worker ants
  A hound skeleton (D:7)
  4 gnolls (D:5)
  A howler monkey skeleton (D:4)
  13 adders
  3 shadow imps
  2 oozes (D:1)
  An adder zombie (D:7)
  2 adder skeletons
  2 dart slugs
  6 leopard geckos
  26 orcs
  12 bats
  4 giant cockroaches
  15 goblins
  5 hobgoblins
  5 jackals
  10 kobolds
  2 quokkas
  3 frilled lizards
  A jackal skeleton (D:4)
  A quokka zombie (D:5)
  4 rats
185 creatures vanquished.

Vanquished Creatures (others)
  A withered plant (D:8)
1 creature vanquished.

Grand Total: 186 creatures vanquished

Notes
Turn   | Place    | Note
-------+----------+-------------------------------------------
     0 | D:1      | Mesmaeker13 the Demigod Skald began the quest for the Orb.
     0 | D:1      | Reached XP level 1. HP: 17/17 MP: 5/5
    10 | D:1      | Reached skill level 1 in Armour
   182 | D:1      | Reached XP level 2. HP: 20/24 MP: 7/7
   943 | D:1      | Reached XP level 3. HP: 18/29 MP: 8/8
  1017 | D:2      | Learned a level 2 spell: Song of Slaying
  1643 | D:2      | Found a glowing silver altar of Zin.
  2370 | D:2      | Reached XP level 4. HP: 33/36 MP: 9/9
  3062 | D:3      | Found a glowing golden altar of the Shining One.
  3350 | D:3      | Reached XP level 5. HP: 18/41 MP: 7/10
  3611 | D:4      | Learned a level 2 spell: Shroud of Golubria
  4201 | D:4      | Reached XP level 6. HP: 28/48 MP: 3/11
  5836 | D:4      | Reached skill level 1 in Translocations
  5836 | D:4      | Reached XP level 7. HP: 53/53 MP: 2/12
  6095 | D:4      | Found a staircase to the Ecumenical Temple.
  6390 | D:5      | Entered Level 5 of the Dungeon
  6462 | D:5      | Found a deep blue altar of Sif Muna.
  6505 | D:5      | Noticed ThereIsNoGod's ghost (weakling SpEE)
  6508 | D:5      | Killed ThereIsNoGod's ghost
  6879 | D:5      | Reached skill level 5 in Charms
  7472 | D:6      | Noticed a hand axe
  7473 | D:6      | Noticed a dagger
  7474 | D:6      | Found a hide-covered altar of Uskayaw.
  7793 | D:6      | Reached skill level 5 in Maces & Flails
  7798 | D:6      | Learned a level 3 spell: Spectral Weapon
  7820 | D:6      | Reached skill level 5 in Armour
  7820 | D:6      | Reached XP level 8. HP: 28/60 MP: 4/13
  8883 | D:6      | Noticed a deep elf mage
  9112 | D:6      | Killed a deep elf mage
  9985 | D:6      | Reached XP level 9. HP: 59/67 MP: 7/14
 10637 | D:7      | Found a radiant altar of Vehumet.
 10637 | D:7      | Found an iron altar of Okawaru.
 10637 | D:7      | Found an ancient bone altar of Kikubaaqudgha.
 11296 | D:7      | Found Moneq's Jewellery Shop.
 11311 | D:7      | Got a brightly glowing steel amulet
 11594 | D:7      | Reached skill level 5 in Translocations
 11829 | D:7      | Identified the amulet of Oviafru {rC+ Regen+ Str-2 Int+4 Slay+6} (You found it on level 7 of the Dungeon)
 12278 | D:8      | Reached skill level 1 in Hexes
 12400 | D:8      | Gained mutation: You have a pair of small horns on your head. [potion of mutation]
 12400 | D:8      | Gained mutation: You are somewhat resistant to further mutation. [potion of mutation]
 12400 | D:8      | Slain by a scorpion

Skill      XL: |  1  2  3  4  5  6  7  8  9 |
---------------+----------------------------+-----
Armour         | 1 2 3 4 5 6 |  6.9
Maces & Flails | 2 3 4 5 6 7 |  7.1
Dodging        | 2 |  2.2
Charms         | 3 4 5 6 7 |  7.2
Translocations | 1 2 4 5 |  5.1
Hexes          | 1 |  1.5
Fighting       | |  1.7
Spellcasting   | |  1.7

Action                   |  1- 3 |  4- 6 |  7- 9 || total
-------------------------+-------+-------+-------++-------
Melee: Mace              |   131 |   205 |   308 ||   644
       Flail             |       |       |   142 ||   142
Throw: Tomahawk          |       |     3 |     1 ||     4
 Cast: Infusion          |     5 |    18 |    31 ||    54
       Song of Slaying   |     1 |     1 |       ||     2
       Shroud of Golubri |       |     8 |    34 ||    42
Evoke: Wand              |       |       |     6 ||     6
  Use: Scroll            |     8 |     4 |     8 ||    20
       Potion            |       |     1 |     5 ||     6
 Stab: Sleeping          |     1 |     1 |       ||     2
  Eat: Chunk             |     5 |     7 |    19 ||    31
       Bread ration      |       |     1 |     2 ||     3
       Fruit             |       |       |     1 ||     1
Armor: Leather armour    |    55 |    33 |       ||    88
       Scale mail        |       |    24 |   216 ||   240
       Skin              |       |       |     4 ||     4
Dodge: Dodged            |   122 |   147 |   363 ||   632
